 Dungeon Crawl Stone Soup version 0.28-a0-268-g3f656e82c2 (webtiles) character file.

Game seed: 8169711546545965696

486 Spaninq the Gusty (level 6, -12/45 HPs)
             Began as a Demigod Air Elementalist on Aug 28, 2021.
             Mangled by a troll (13 damage)
             ... on level 5 of the Dungeon.
             The game lasted 00:20:27 (5819 turns).

Spaninq the Gusty (Demigod Air Elementalist)        Turns: 5819, Time: 00:20:27

Health: -12/45     AC:  3    Str:  9    XL:     6   Next: 57%
Magic:  2/13       EV: 12    Int: 25    God:
Gold:   639        SH:  0    Dex: 14    Spells: 6/11 levels left

rFire   . . .      SeeInvis .   h - +1 whip (venom)
rCold   . . .      Faith    .   (no shield)
rNeg    . . .      Spirit   .   a - +1 robe
rPois   .          Reflect  .   (no helmet)
rElec   .          Harm     .   (no cloak)
rCorr   .          Rampage  .   (no gloves)
Will    .....                   (no boots)
Stlth   ++........              (no amulet)
HPRegen 0.15/turn               (no ring)
MPRegen 0.13/turn               (no ring)

@: very slightly contaminated
A: high mp 1, forlorn
a: no special abilities


You were on level 5 of the Dungeon.
You visited 1 branch of the dungeon, and saw 5 of its levels.

You collected 1071 gold pieces.
You spent 432 gold pieces at shops.

Inventory:

Hand Weapons
 h - a +1 whip of venom (weapon)
Armour
 a - a +1 robe (worn)
 c - a +0 buckler
Wands
 g - a wand of polymorph (9)
 j - a wand of paralysis (10)
Scrolls
 d - a scroll of identify
Potions
 b - 2 potions of invisibility
 e - a potion of berserk rage {unknown}
 f - a potion of cancellation
 i - a potion of resistance
 k - a potion of mutation
 l - a potion of magic {unknown}


   Skills:
 - Level 1.7 Dodging
 - Level 1.7 Stealth
 + Level 2.0 Shields
 + Level 3.0 Spellcasting
 * Level 3.8 Conjurations
 * Level 4.7 Air Magic


You had 6 spell levels left.
You knew the following spells:

 Your Spells              Type           Power      Damage    Failure   Level
a - Shock                 Conj/Air       100%       1d9       1%          1
b - Airstrike             Air            13%        N/A       14%         4

Your spell library contained the following spells:

 Spells                   Type           Power      Damage    Failure   Level
 Static Discharge         Conj/Air       25%        N/A       2%          2
 Swiftness                Air            27%        N/A       4%          3
 Corona                   Hex            3%         N/A       10%         1
 Ensorcelled Hibernation  Hex/Ice        6%         N/A       16%         2
 Tukima's Dance           Hex            3%         N/A       30%         3
 Lightning Bolt           Conj/Air       12%        1d26      43%         5
 Maxwell's Capacitive Co  Air            13%        ∞         100%        8


Dungeon Overview and Level Annotations

Branches:
Dungeon (5/15)             Temple (0/1) D:4

Shops:
D:1 :!:*(

Annotations:
D:2 1 runed translucent door, Crazy Yiuf
D:4 1 runed translucent door, Dittersdorf's ghost, amateur GrFi
D:5 Edmund


Innate Abilities, Weirdness & Mutations

Your attributes grow dramatically as you level up.
You have an increased reservoir of magic. (+10% MP)
You shall have no god before yourself.


Message History

A troll comes into view.
Found a sapphire potion.
The troll shouts!
The troll enters a dispersal trap!
You blink.
The troll blinks!
Things that are here:
a +0 short sword; a +0 scale mail
Casting: Shock (safe; 1% risk of failure)
Confirm with . or Enter, or press ? or * to list all spells.
The spell is quite dangerous to cast (14% risk of failure)!
Continue anyway?
Aiming: Airstrike (quite dangerous; 14% risk of failure)
Press: ? - help, Dir - move target, f - troll
Aim: a troll (empty space bonus: 5/8)
You miscast Airstrike.
You are very lightly contaminated with residual magic.
Electricity courses through your body!
Casting: Airstrike (quite dangerous; 14% risk of failure)
Confirm with . or Enter, or press ? or * to list all spells.
The spell is quite dangerous to cast (14% risk of failure)!
Continue anyway?
Aiming: Airstrike (quite dangerous; 14% risk of failure)
Press: ? - help, Dir - move target, f/p - troll
Aim: a troll (empty space bonus: 7/8)
You miscast Airstrike.
Nothing appears to happen.
Casting: Airstrike (quite dangerous; 14% risk of failure)
Confirm with . or Enter, or press ? or * to list all spells.
The spell is quite dangerous to cast (14% risk of failure)!
Continue anyway?
Aiming: Airstrike (quite dangerous; 14% risk of failure)
Press: ? - help, Dir - move target, f/p - troll
Aim: a troll (empty space bonus: 8/8)
The air twists around and strikes the troll!
The troll is moderately wounded.
You hit the troll but do no damage.
The troll is moderately wounded.
The troll barely misses you. The troll closely misses you.
The troll barely misses you. The troll bites you! The troll closely misses you.
The troll claws you!
* * * LOW HITPOINT WARNING * * *
The troll bites you!
* * * LOW HITPOINT WARNING * * *
The troll claws you!
You die...

# #..##.....#### ##...# ##
##.###........####...## .##
#..# #..........#...### ..###
#..# #..........)).## # #...##
#..# #.............#
.....######..# ##...........##
.............# #...........#
......###....####T..........#
..(....#####....@..........###
.......# #.........>........
........# ##..####...........
........# #..# #.......###
........# ###..#####....###
........###......##....##
.........#............##
.............####...###
............## ##.##


You could see a troll.

Vanquished Creatures
  A necrophage (D:5)
  A scorpion (D:5)
  A jelly (D:4)
  2 orc priests
  A centaur skeleton (D:4)
  2 orc wizards (D:4)
  A hound zombie (D:5)
  A hound skeleton (D:4)
  6 adders
  A gnoll (D:4)
  An adder skeleton (D:5)
  A worm (D:4)
  A dart slug (D:4)
  8 orcs
  7 endoplasms
  3 giant cockroaches (D:3)
  7 goblins
  4 hobgoblins
  9 jackals
  2 kobolds (D:1)
  2 quokkas
  4 ball pythons (D:4)
  3 bats
  4 rats
73 creatures vanquished.

Vanquished Creatures (others)
  A plant (D:2)
1 creature vanquished.

Grand Total: 74 creatures vanquished

Notes
Turn   | Place    | Note
-------+----------+-------------------------------------------
     0 | D:1      | Spaninq the Demigod Air Elementalist began the quest for
                  | the Orb.
     0 | D:1      | Reached XP level 1. HP: 14/14 MP: 5/5
    35 | D:1      | Found Nonley's Book Shop.
    57 | D:1      | Reached skill level 1 in Conjurations
    91 | D:1      | Found Tebbusogg's Distillery.
   503 | D:1      | Found Kiufinu's General Store.
   525 | D:1      | Reached XP level 2. HP: 20/20 MP: 4/7
   569 | D:1      | Found Fopteym's Weapon Shoppe.
   669 | D:1      | Reached skill level 3 in Air Magic
   669 | D:1      | Found Ymponats's Book Shop.
  1431 | D:2      | Found a runed translucent door.
  1432 | D:2      | Noticed Crazy Yiuf
  1830 | D:3      | Reached XP level 3. HP: 17/26 MP: 4/8
  1839 | D:3      | Identified a scroll of acquirement
  1839 | D:3      | Acquired 847 gold pieces
  1884 | D:1      | Bought a book of Lightning for 432 gold pieces
  3307 | D:4      | Reached XP level 4. HP: 33/33 MP: 1/10
  3795 | D:4      | Reached skill level 1 in Shields
  3956 | D:4      | Reached XP level 5. HP: 29/38 MP: 6/11
  4081 | D:4      | Found a runed translucent door.
  4081 | D:4      | Noticed Dittersdorf's ghost (amateur GrFi)
  4112 | D:4      | Found a staircase to the Ecumenical Temple.
  4223 | D:4      | Reached skill level 4 in Air Magic
  4827 | D:5      | Entered Level 5 of the Dungeon
  4908 | D:5      | Reached XP level 6. HP: 32/45 MP: 7/13
  5706 | D:5      | Noticed Edmund
  5743 | D:5      | Learned a level 4 spell: Airstrike
  5780 | D:5      | Noticed a troll
  5819 | D:5      | HP: 1/45 [troll (13)]
  5819 | D:5      | Mangled by a troll

Illustrated notes

Levels and vault maps discovered:
D:1:      evilmike_arrival_plus, layout_loops_ring, serial_shops,
          nicolae_shop_waterfront, nicolae_shop_trees, shop, shop_coins,
          nicolae_square_shop
D:2:      layout_basic, dreamdust_ecumenical_altar_angels_and_demons,
          guppyfry_early_lair_pool, uniq_crazy_yiuf_cottage
D:3:      layout_loops_ring, pdpol_wu_jian_five_deadly_venoms,
          amethyst_overflow_temple_binary
D:4:      minmay_chambers_of_threes, layout_cave_pools,
          minmay_temple_entry_purple_smoke, hellmonk_ghost_happy_afterlife,
          minmay_misc_feat_doors
D:5:      layout_cave_pods, uniq_edmund

Skill      XL: |  1  2  3  4  5  6 |
---------------+-------------------+-----
Conjurations   | 1 2 3 |  3.8
Air Magic      | 3 4 |  4.7
Spellcasting   | 2 3 |  3.0
Shields        | 1 2 |  2.0
Dodging        | |  1.7
Stealth        | |  1.7

Action                   |  1- 3 |  4- 6 || total
-------------------------+-------+-------++-------
Melee: Whip              |       |     1 ||     1
 Cast: Shock             |    71 |   101 ||   172
       Airstrike         |       |     1 ||     1
  Use: Scroll            |     5 |     5 ||    10
Armor: Robe              |     8 |     7 ||    15
Dodge: Dodged            |    30 |    22 ||    52

Table legend: (Time is in decaauts)
 A = Elapsed time spent in this place.
 B = Non-inter-level travel time spent in this place.
 C = Inter-level travel time spent in this place.
 D = Time resting spent in this place.
 E = Time spent auto-exploring this place.
 F = Levels seen in this place.
 G = Mean time per level.
                   A        B        C        D        E       F      G
               +--------+--------+--------+--------+--------+-----+--------+
         Total |   5825 |   5531 |    294 |   1045 |   3597 |   5 | 1165.0 |
       Dungeon |   5825 |   5531 |    294 |   1045 |   3597 |   5 | 1165.0 |
               +--------+--------+--------+--------+--------+-----+--------+

Top non-repeatable levels by time:
     D:3: 1498 daAuts
     D:4: 1379 daAuts
     D:2: 1046 daAuts
     D:5: 953 daAuts
     D:1: 947 daAuts
